 Dungeon Crawl Stone Soup version 0.31.0-32-g396128a36d (webtiles) character file.

Game seed: 8150702831959399691

637 TacoSundae the Ruffian (level 7, 0/34 HPs)
             Began as a Vine Stalker Shapeshifter on Apr 10, 2024.
             Slain by a killer bee (3 damage)
             ... on level 5 of the Dungeon.
             The game lasted 00:13:54 (3566 turns).

TacoSundae the Ruffian (Vine Stalker Shapeshifter)  Turns: 3566, Time: 00:13:56

Health: 0/34       AC:  5    Str: 18    XL:     7   Next: 50%
Magic:  0/8        EV: 11    Int: 10    God:
Gold:   329        SH:  0    Dex: 14    Spells: 6/6 levels left

rFire   . .          .
                       - Unarmed
rCold   . . .        (no shield)
rNeg    . . .        e - +0 ring mail
rPois   +            (helmet currently unavailable)
rElec   .            (cloak currently unavailable)
rCorr   .            (gloves currently unavailable)
SInv    .            (boots currently unavailable)
Will    .....        q - amulet of the acrobat
Stlth   +            k - ring of poison resistance
HPRegen 1.05/turn    (no ring)
MPRegen 0.11/turn

%: acrobat, guardian spirit
@: beast-form, hasted, very quick
A: beast (slay +3), fangs 2, regeneration 1, magic shield, antimagic bite, no
potion heal 2
a: Begin Untransformation


You were on level 5 of the Dungeon.
You were a hulking beast.
You visited 1 branch of the dungeon, and saw 5 of its levels.

You collected 329 gold pieces.

Inventory:

Missiles
 j - 6 poisoned darts (quivered)
 t - 2 throwing nets
Armour
 e - a +0 ring mail (worn)
 w - a +0 pair of gloves
Magical Staves
 a - a staff of air
Jewellery
 k - a ring of poison resistance (left hand)
 q - an amulet of the acrobat (around neck)
 v - a +6 ring of intelligence
Talismans
 c - a beast talisman
 d - a flux talisman
Wands
 n - a wand of paralysis (10)
Scrolls
 f - a scroll of immolation
 h - a scroll of fog
 l - 5 scrolls of poison
Potions
 b - a potion of lignification
 g - a potion of haste
 i - a potion of resistance
 m - a potion of attraction
 o - 2 potions of enlightenment
 p - 5 potions of curing {unknown}
 r - a potion of magic {unknown}
 s - 2 potions of degeneration {unknown}
 u - a potion of cancellation {unknown}
 x - a potion of might {unknown}


   Skills:
 - Level 1.8 Fighting
 - Level 2.3 Dodging
 + Level 5.9 Unarmed Combat
 + Level 5.6 Shapeshifting


You had 6 spell levels left.
You didn't know any spells.
Your spell library contained the following spells:

 Spells                   Type           Power      Damage    Failure   Level
 Apportation              Tloc           0%         N/A       56%         1
 Necrotise                Necr           0%         1d4       56%         1
 Sting                    Conj/Alch      0%         1d3       56%         1
 Summon Small Mammal      Summ           0%         N/A       56%         1
 Hailstorm                Conj/Ice       0%         3d5       90%         3
 Summon Ice Beast         Ice/Summ       0%         N/A       90%         3
 Olgreb's Toxic Radiance  Alch           0%         N/A       100%        4
 Sculpt Simulacrum        Ice/Alch       0%         N/A       100%        6
 Ozocubu's Refrigeration  Ice            0%         4d7       100%        7
 Discord                  Hex            0%         N/A       100%        8


Dungeon Overview and Level Annotations

Branches:
Dungeon (5/15)
 Temple: D:4-7

Altars:
Cheibriados
Fedhas
Nemelex Xobeh
Sif Muna
Zin


Innate Abilities, Weirdness & Mutations

You are a hulking beast.
Your limbs bulge with bestial killing power. (Slay +3)
You have extremely sharp teeth.
Your natural rate of healing is unusually fast.
When hurt, damage is shared between your health and your magic reserves.
Your bite disrupts and absorbs the magic of your enemies.
Potions cannot restore your health.


Message History

An adder comes into view.
The adder hisses angrily.
You swing at nothing.
You swing at nothing.
You swing at nothing.
You swing at nothing.
You closely miss the adder. The adder completely misses you.
You barely miss the adder. The adder closely misses you.
You closely miss the adder. Your bite misses the adder.
The adder closely misses you.
You hit the adder. You bite the adder.
You kill the adder!
You swing at nothing.
You now have 329 gold pieces (gained 12). 2 killer bees come into view.
The killer bee buzzes angrily. x2
A killer bee comes into view.
The killer bee buzzes angrily.
You feel yourself speed up. The killer bee stings you!
The killer bee stings you but does no damage.
You punch the killer bee!
The killer bee is heavily wounded.
The killer bee stings you. The killer bee closely misses you.
You barely miss the killer bee. Your bite misses the killer bee.
The killer bee closely misses you.
You barely miss the killer bee. Your bite misses the killer bee.
The killer bee stings you. x2
You hit the killer bee. You bite the killer bee. You drain its power.
You feel invigorated.
The killer bee is heavily wounded.
The killer bee barely misses you. The killer bee misses you.
The killer bee stings you.
You barely miss the killer bee.
The killer bee is heavily wounded.
The killer bee stings you. The killer bee stings you!
* * * LOW HITPOINT WARNING * * *
The killer bee barely misses you. The killer bee stings you.
* * * LOW HITPOINT WARNING * * *
The killer bee stings you.
You die...

##..## #.. #..
#...#####... ...
##.......... ...
##......... ..#
#....####. ..
##...## . #....#
.. #####....#
..# ........h##
..# .......yyy#
##..#
.#####....##...#
##.......#
##.......#
##........#
#..........
#..........
#..........


You could see 3 killer bees.

Vanquished Creatures
  Menkaure (D:4)
  2 ogres (D:5)
  An orc priest (D:3)
  A bombardier beetle (D:4)
  4 hounds
  9 adders
  2 dart slugs
  6 orcs
  7 ball pythons
  3 bats (D:1)
  6 endoplasms
  A giant cockroach (D:1)
  12 goblins
  5 hobgoblins
  7 jackals
  7 kobolds
  6 quokkas
  4 frilled lizards
  2 rats
86 creatures vanquished.

Notes
Turn   | Place    | Note
-------+----------+-------------------------------------------
     0 | D:1      | TacoSundae the Vine Stalker Shapeshifter began the quest
                  | for the Orb.
     0 | D:1      | Reached XP level 1. HP: 9/9 MP: 2/2
    49 | D:1      | Reached skill level 1 in Fighting
    60 | D:1      | Reached XP level 2. HP: 14/14 MP: 3/3
   196 | D:1      | Reached XP level 3. HP: 18/18 MP: 4/4
   992 | D:2      | Reached XP level 4. HP: 22/23 MP: 5/5
  1633 | D:3      | Reached XP level 5. HP: 22/26 MP: 2/6
  2423 | D:4      | Noticed Menkaure
  2457 | D:4      | Killed Menkaure
  2458 | D:4      | Reached XP level 6. HP: 15/30 MP: 3/7
  2519 | D:4      | Found a blossoming altar of Fedhas.
  2527 | D:4      | Found a sparkling altar of Nemelex Xobeh.
  2527 | D:4      | Found a glowing silver altar of Zin.
  2528 | D:4      | Found a snail-covered altar of Cheibriados.
  2684 | D:4      | Found a shimmering blue altar of Sif Muna.
  2764 | D:4      | Reached skill level 5 in Unarmed Combat
  3162 | D:5      | Entered Level 5 of the Dungeon
  3333 | D:5      | Reached skill level 5 in Shapeshifting
  3333 | D:5      | Reached XP level 7. HP: 34/34 MP: 8/8
  3566 | D:5      | Slain by a killer bee

Illustrated notes

Levels and vault maps discovered:
D:1:      onia_arrival_mini_spirals, layout_basic
D:2:      layout_basic, amcnicky_mini_corridor_feature,
          minmay_misc_feat_secret_circle
D:3:      layout_basic, lemuel_flame_loot_1
D:4:      layout_loops_ring, chequers_temple_overflow_statue_of_worship,
          lemuel_crystal_altar, uniq_menkaure
D:5:      layout_layer_cave

Skill      XL: |  1  2  3  4  5  6 |
---------------+-------------------+-----
Fighting       | 1 |  1.8
Dodging        | 2 |  2.3
Unarmed Combat | 4 5 |  5.9
Shapeshifting  | 4 5 |  5.6

Action                     |  1- 3 |  4- 6 |  7- 9 || total
---------------------------+-------+-------+-------++-------
  Melee: Unarmed           |    86 |   115 |    27 ||   228
         Bite              |    17 |    30 |     6 ||    53
         Punch             |     3 |     4 |     1 ||     8
  Throw: Dart              |       |     2 |       ||     2
  Evoke: Wand              |       |     3 |       ||     3
    Use: Scroll            |       |    10 |       ||    10
         Potion            |       |       |     1 ||     1
   Stab: Paralysed         |       |     2 |       ||     2
 Armour: Ring mail         |    52 |    61 |    19 ||   132
  Dodge: Dodged            |    46 |    61 |    14 ||   121
